 Seeded DCSS version 0.30-a0-381-g6ea064c7b4 (webtiles) character file.

Game seed: 8675307 (custom seed)

13 McGhostyFace the Ducker (level 2, -1/20 HPs)
             Began as a Gnoll Wanderer on Dec 2, 2022.
             Slain by a ball python (2 damage)
             ... on level 1 of the Dungeon.
             The game lasted 00:00:45 (287 turns).

McGhostyFace the Ducker (Gnoll Wanderer)             Turns: 287, Time: 00:00:46

Health: -1/20      AC:  4    Str: 10    XL:     2   Next: 37%
Magic:  2/5        EV: 10    Int:  8    God:
Gold:   13         SH:  0    Dex: 15    Spells: 5/6 levels left

rFire   . . .      SeeInvis .    a - +0 hand axe
rCold   . . .      Faith    .    (no shield)
rNeg    . . .      Spirit   .    d - +0 leather armour
rPois   .          Reflect  .    (no helmet)
rElec   .          Harm     .    b - +0 cloak
rCorr   .          Rampage  .    (no gloves)
Will    .....                    (no boots)
Stlth   ++........               (no amulet)
HPRegen 0.23/turn                (no ring)
MPRegen 0.09/turn                (no ring)

@: hasted, constricted, very quick
A: fangs 1, strong nose, distributed training
a: no special abilities


You were on level 1 of the Dungeon.
You visited 1 branch of the dungeon, and saw 1 of its levels.

You collected 13 gold pieces.

Inventory:

Hand Weapons
 a - a +0 hand axe (weapon)
Armour
 b - a +0 cloak (worn)
 d - a +0 leather armour (worn)
Scrolls
 e - a scroll of blinking {unknown}


   Skills:
 + Level 0.4 Fighting
 + Level 0.4 Short Blades
 + Level 0.4 Long Blades
 + Level 4.5 Axes
 + Level 0.4 Maces & Flails
 + Level 0.4 Polearms
 + Level 0.4 Staves
 + Level 0.4 Ranged Weapons
 + Level 2.5 Throwing
 + Level 0.4 Armour
 + Level 4.5 Dodging
 + Level 2.2 Stealth
 + Level 0.4 Shields
 + Level 0.4 Unarmed Combat
 + Level 2.7 Spellcasting
 + Level 0.2 Conjurations
 + Level 0.2 Hexes
 + Level 0.2 Summonings
 + Level 0.2 Necromancy
 + Level 0.2 Translocations
 + Level 0.2 Transmutations
 + Level 3.7 Fire Magic
 + Level 0.2 Ice Magic
 + Level 0.2 Air Magic
 + Level 0.2 Earth Magic
 + Level 0.2 Poison Magic
 + Level 0.5 Invocations
 + Level 2.5 Evocations


You had 5 spell levels left.
You knew the following spells:

 Your Spells              Type           Power      Damage    Failure   Level
a - Foxfire               Conj/Fire      16%        2x1d4     21%         1

Your spell library contained the following spells:

 Spells                   Type           Power      Damage    Failure   Level
 Scorch                   Fire           14%        2d5       16%         2
 Kindle Blastsparks       Fire/Tloc/Air  6%         2d10      58%         3


Dungeon Overview and Level Annotations

Branches:
Dungeon (1/15)

Altars:


Innate Abilities, Weirdness & Mutations

You have very sharp teeth.
Your uncanny sense of smell can sniff out nearby items.
Your experience applies equally to all skills.


Message History

The jackal closely misses you. The jackal barely misses you.
The jackal attacks as you move away! The jackal bites you.
* * * LOW HITPOINT WARNING * * *
The jackal barks!
The ball python attacks as you move away!
The ball python barely misses you. x2; The endoplasm attacks as you move away!
The endoplasm barely misses you. The ball python closely misses you. x2
The endoplasm attacks as you move away! The endoplasm misses you.
The jackal attacks as you move away! The jackal closely misses you.
The jackal barely misses you. The jackal closely misses you.
You barely miss the jackal. Your bite misses the jackal.
The jackal barely misses you.
You closely miss the jackal. You bite the jackal, but do no damage.
The jackal misses you. The jackal closely misses you.
You barely miss the jackal. You closely miss the jackal.
You barely miss the ball python. The jackal closely misses you.
The ball python bites you.
* * * LOW HITPOINT WARNING * * *
The ball python closely misses you. The jackal closely misses you.
You barely miss the ball python. You hit the jackal.
The ball python bites you but does no damage.
The ball python completely misses you.
The jackal bites you but does no damage.
The ball python closely misses you. The ball python grabs you.
The ball python constricts you.
You closely miss the ball python. You barely miss the jackal.
The jackal completely misses you. The ball python barely misses you.
The ball python constricts you.
* * * LOW HITPOINT WARNING * * *
The jackal bites you.
* * * LOW HITPOINT WARNING * * *
You feel yourself speed up.
The jackal bites you but does no damage.
The ball python barely misses you. The ball python constricts you.
You barely miss the ball python. You closely miss the jackal.
The jackal bites you.
* * * LOW HITPOINT WARNING * * *
The ball python bites you.
You die...

.. #...# .
##..## #. #....#
#.####.##.##
#......##..#
..###.†..####.##
#.........# #..#
###...†...###h##
#..$.....hS@#
#.........###
#...........#
.........#...#
....>..$..###..#
.##.......# ###
#.......#
#.......#


You could see 2 jackals and a ball python.

Vanquished Creatures
  3 hobgoblins (D:1)
  5 jackals (D:1)
  A ball python (D:1)
  A frilled lizard (D:1)
  A rat (D:1)
11 creatures vanquished.

Vanquished Creatures (others)
  16 foxfires (D:1)
16 creatures vanquished.

Grand Total: 27 creatures vanquished

Notes
Turn   | Place    | Note
-------+----------+-------------------------------------------
     0 | D:1      | McGhostyFace the Gnoll Wanderer began the quest for the
                  | Orb.
     0 | D:1      | McGhostyFace set off with the following items: a +0 hand
                  | axe, a +0 cloak, a potion of haste, a +0 leather armour;
                  | and the following spell memorised: Foxfire; and the
                  | following spells available to memorise: Scorch, Kindle
                  | Blastsparks.
     0 | D:1      | Reached XP level 1. HP: 13/13 MP: 4/4
   266 | D:1      | Reached XP level 2. HP: 19/19 MP: 2/5
   285 | D:1      | HP: 1/20 [jackal (1)]
   287 | D:1      | Slain by a ball python

Illustrated notes

Levels and vault maps discovered:
D:1:      lemuel_arrival_river_passageway, layout_rooms, serial_shops,
          nicolae_shop_advertising_works [nicolae_subvault_shop_adworks]

Action                   || total
-------------------------++-------
Melee: Hand axe          ||    22
       Bite              ||     2
 Cast: Foxfire           ||    10
  Use: Potion            ||     1
 Stab: Sleeping          ||     1
Armor: Leather armour    ||     9
Dodge: Dodged            ||    44

Table legend: (Time is in decaauts)
 A = Elapsed time spent in this place.
 B = Non-inter-level travel time spent in this place.
 C = Inter-level travel time spent in this place.
 D = Time resting spent in this place.
 E = Time spent auto-exploring this place.
 F = Levels seen in this place.
 G = Mean time per level.
                   A        B        C        D        E       F      G
               +--------+--------+--------+--------+--------+-----+--------+
         Total |    295 |    295 |      0 |      0 |    231 |   1 |  295.0 |
       Dungeon |    295 |    295 |      0 |      0 |    231 |   1 |  295.0 |
               +--------+--------+--------+--------+--------+-----+--------+

Top non-repeatable levels by time:
     D:1: 295 daAuts
